 Dungeon Crawl Stone Soup version 0.18-a0-946-g3ac5b32 (webtiles) character file.

267 JokEr the Skirmisher (level 6, -5/56 HPs)
             Began as a Draconian Fighter on Dec 29, 2015.
             Slain by an orc wizard
             ... wielding a +0 dagger
              (6 damage)
             ... on level 4 of the Dungeon.
             The game lasted 00:08:59 (3704 turns).

JokEr the Skirmisher (Draconian Fighter)            Turns: 3704, Time: 00:08:59

Health: -5/56      AC:  7    Str: 21    XL:     6   Next: 0%
Magic:  6/6        EV: 10    Int:  8    God:
Gold:   257        SH: 10    Dex: 10    Spells: 0 memorised, 5 levels left

rFire  . . .     SeeInvis .     a - +0 long sword
rCold  . . .     Gourm    .     (armour unavailable)
rNeg   . . .     Faith    .     b - +1 shield
rPois  .         Spirit   .     (helmet restricted)
rElec  .         Dismiss  .     (no cloak)
rCorr  .         Reflect  .     (no gloves)
SustAt .         Harm     .     i - +0 pair of boots
MR     .....                    (no amulet)
Stlth  +.........               (no ring)
                                (no ring)

@: about to teleport, slowed, very slow, not resistant to hostile enchantments,
very unstealthy
A: unfitting armour, cold-blooded, AC +6
a: no special abilities


You were on level 4 of the Dungeon.
You were near starving.

You visited 1 branch of the dungeon, and saw 4 of its levels.

You collected 257 gold pieces.

Inventory:

Hand Weapons
 a - a +0 long sword (weapon)
Armour
 b - a +1 shield (worn)
 i - a +0 pair of boots (worn)
Jewellery
 g - an uncursed amulet of faith
Scrolls
 m - 2 scrolls of identify
 p - a scroll of magic mapping
 s - a scroll of enchant armour
Potions
 c - a potion of might
 e - a potion of degeneration {unknown}
 h - a potion of mutation
 j - a potion of cure mutation
 l - 2 potions of flight
 o - a potion of lignification {unknown}
 r - a potion of agility {unknown}
 t - a potion of resistance {unknown}
Books
 v - a book of the Sky

   Spells                             Type                      Level
   a - Summon Lightning Spire         Summoning/Air                4
   b - Airstrike                      Air                          4
   c - Silence                        Hexes/Air                    5
   d - Deflect Missiles               Charms/Air                   6
   e - Conjure Ball Lightning         Conjuration/Air              6
   f - Tornado                        Air                          9
Comestibles
 d - 5 bread rations
 f - 2 beef jerkies
 n - a meat ration
 q - a slice of pizza


   Skills:
 + Level 5.6 Fighting
 + Level 4.7 Long Blades
 - Level 2.6 Dodging
 - Level 3.0 Shields


You had 5 spell levels left.
You didn't know any spells.

Dungeon Overview and Level Annotations

Branches:
Dungeon (4/15)
 Temple: D:4-7

Altars:
Gozag
Qazlal
Vehumet
Zin


Innate Abilities, Weirdness & Mutations

Your plain brown scales are hard (AC +6).
Your body does not fit into most forms of armour.
You are cold-blooded and may be slowed by cold attacks.


Message History

The magic dart hits you!
* * * LOW HITPOINT WARNING * * *
You block the orc wizard's attack.
You closely miss the orc wizard. You tail-slap the orc wizard.
The orc wizard is moderately wounded.
The orc wizard hits you but does no damage.
The orc wizard gestures at you while chanting.
The magic dart hits you!
* * * LOW HITPOINT WARNING * * *
The orc closely misses you.
The orc wizard points at you and mumbles some strange words.
The magic dart hits you!
* * * LOW HITPOINT WARNING * * *
The orc wizard hits you but does no damage.
The orc hits you but does no damage. You block the orc's attack.
The orc wizard misses you.
Read which item? (? for menu, Esc to quit)
As you read the scroll of teleportation, it crumbles to dust.
You feel strangely unstable. The orc wizard hits you with a dagger.
You die...

##### #....## ###
#.....## #.## .
#...##### ###..# .?.
#...)..###...)##.....
#..###...............
##..#
#.......##...... #
##...# #.oooo.##
..... ## ##...##
#.§@o### o... ..
##...## #.§§## ...
#...## #.§§# .. #..##
##..# . #.## ##.. #.#
#.. #)# ### #..> .#
#.###.## .... ..
#......### ..... ..


You could see 2 orc wizards and 3 orcs.

Vanquished Creatures
  A hound (D:4)
  A centaur zombie (D:3)
  A worker ant (D:4)
  A hound skeleton (D:4)
  6 adders
  An ooze (D:2)
  An adder skeleton (D:4)
  7 worms
  2 giant geckos
  5 orcs
  6 giant cockroaches
  3 hobgoblins
  4 jackals (D:3)
  2 quokkas
  5 bats
  3 giant newts
  5 goblins
  6 kobolds
  A quokka skeleton (D:4)
  A rat (D:1)
62 creatures vanquished.

Vanquished Creatures (others)
  An orc wizard (D:4)
1 creature vanquished.

Grand Total: 63 creatures vanquished

Notes
Turn   | Place    | Note
--------------------------------------------------------------
     0 | D:1      | JokEr the Draconian Fighter began the quest for the Orb.
     0 | D:1      | Reached XP level 1. HP: 19/19 MP: 1/1
   513 | D:1      | Reached XP level 2. HP: 26/26 MP: 2/2
  1304 | D:2      | Reached skill level 4 in Fighting
  1304 | D:2      | Reached XP level 3. HP: 23/33 MP: 3/3
  1926 | D:3      | Reached XP level 4. HP: 36/41 MP: 4/4
  2290 | D:3      | Reached skill level 5 in Fighting
  2350 | D:3      | Reached XP level 5. HP: 37/48 MP: 5/5
  2433 | D:3      | Found an opulent altar of Gozag.
  2433 | D:3      | Found a glowing silver altar of Zin.
  2612 | D:3      | Found a stormy altar of Qazlal.
  2997 | D:4      | Found a radiant altar of Vehumet.
  3145 | D:4      | Noticed an ogre
  3699 | D:4      | Reached XP level 6. HP: 18/56 MP: 6/6
  3703 | D:4      | HP: 1/56 [orc wizard/magic dart (4)]
  3704 | D:4      | Slain by an orc wizard

Vault maps used:
D:1:      dpeg_arrival_solitude, serial_curves, eino_curves_01, eino_curves_02,
          eino_curves_04, eino_curves_02
D:2:      first_bread
D:3:      lemuel_upstairs_altar, grunt_temple_overflow_gold_and_silver,
          nicolae_qazlal_eye_of_the_storm
D:4:      black_bear_nest_2, kennysheep_vampire_church,
          nicolae_overflow_hidden_temple

Action                   |  1- 3 |  4- 6 || total
-------------------------+-------+-------++-------
Melee: Long sword        |   102 |   170 ||   272
  Use: Scroll            |     8 |     5 ||    13
  Eat: Bread ration      |     1 |       ||     1
       Royal jelly       |       |     1 ||     1
       Chunk             |       |     1 ||     1
